 Dungeon Crawl Stone Soup version 0.31-a0-1154-gadca813884 (webtiles) character file.

Game seed: 2196742630642178142

3544 Dirtsage the Basher (level 10, -11/60 HPs)
             Began as a Gargoyle Fighter on Dec 7, 2023.
             Was a Follower of Zin.
             Mangled by a two-headed ogre
             ... wielding a +0 giant club
              (14 damage)
             ... on level 7 of the Dungeon.
             The game lasted 00:12:50 (5321 turns).

Dirtsage the Basher (Gargoyle Fighter)              Turns: 5321, Time: 00:12:51

Health: -11/60     AC: 18    Str: 20 (23) XL:     10   Next: 9%
Magic:  21/21      EV:  8    Int:  7 (8)  God:    Zin [*.....]
Gold:   69         SH:  9    Dex:  8 (11) Spells: 9/9 levels left

rFire   + . .        a - +0 flail
rCold   . . .        j - +0 kite shield
rNeg    + . .        b - +0 scale mail
rPois   ∞            n - +1 helmet "Ekhlu" {rF+ rCorr MP+9}
rElec   +            y - +0 cloak
rCorr   +            (no gloves)
SInv    .            (no boots)
Will    .....        m - amulet of regeneration Stlth
                     (no ring)
HPRegen 1.10/turn    (no ring)
MPRegen 0.17/turn

%: no passive effects
@: hasted, very quick
A: sickness immunity, AC +7, negative energy resistance 1, electricity
resistance, torment resistance 1, petrification resistance
a: Renounce Religion, Recite, Donate Gold


You were on level 7 of the Dungeon.
You worshipped Zin.
Zin was aware of your devotion.
You visited 2 branches of the dungeon, and saw 8 of its levels.

You collected 304 gold pieces.
You spent 205 gold pieces at shops.
You donated 30 gold pieces to Zin.

Inventory:

Hand Weapons
 a - a +0 flail (weapon)
Armour
 b - a +0 scale mail (worn)
 j - a +0 kite shield (worn)
 n - the +1 helmet "Ekhlu" (worn) {rF+ rCorr MP+9}
   (You took it off Robin on level 2 of the Dungeon)

   rF+:       It protects you from fire.
   MP+9:      It affects your magic capacity (+9).
   rCorr:     It protects you from acid and corrosion.
 y - a +0 cloak (worn)
Jewellery
 d - an amulet of reflection
 m - an amulet of regeneration (around neck)
 W - a ring of wizardry
Wands
 s - a wand of flame (26)
 v - a wand of roots (11)
Scrolls
 f - a scroll of noise
 g - 2 scrolls of fear
 i - 2 scrolls of identify
 o - 3 scrolls of amnesia {unknown}
 p - a scroll of immolation {unknown}
 q - 3 scrolls of butterflies {unknown}
 t - 4 scrolls of teleportation
 u - a scroll of acquirement {unknown}
 x - a scroll of blinking {unknown}
 z - 2 scrolls of revelation
 C - a scroll of poison
Potions
 c - 2 potions of degeneration
 e - a potion of invisibility {unknown}
 h - 2 potions of haste
 k - 2 potions of curing {unknown}
 l - 2 potions of heal wounds
 r - a potion of berserk rage {unknown}
 w - 2 potions of mutation {unknown}
 A - 2 potions of attraction {unknown}
 B - a potion of cancellation {unknown}


   Skills:
 + Level 6.2 Fighting
 * Level 10.1 Maces & Flails
 + Level 6.2 Armour
 * Level 8.3 Shields
 + Level 2.8 Invocations


You had 9 spell levels left.
You didn't know any spells.
Your spell library contained the following spells:

 Spells                   Type           Power      Damage    Failure   Level
 Ensorcelled Hibernation  Hex/Ice        0%         N/A       98%         2
 Passwall                 Tmut/Erth      0%         N/A       98%         2
 Inner Flame              Hex/Fire       0%         N/A       100%        3
 Swiftness                Air            0%         N/A       100%        3
 Yara's Violent Unravell  Hex/Tmut       0%         3d3       100%        5
 Enfeeble                 Hex            0%         N/A       100%        7


Dungeon Overview and Level Annotations

Branches:
Dungeon (7/15)             Temple (1/1) D:6

Altars:
Cheibriados
Elyvilon
Gozag
Hepliaklqana
Kikubaaqudgha
Nemelex Xobeh
Qazlal
Ru
Trog
Uskayaw
Vehumet
Xom
Yredelemnul
Zin

Shops:
D:6 ?

Annotations:
D:2 1 runed translucent door, Crazy Yiuf
D:5 3 runed translucent doors, Mll's ghost, novice DEFE


Innate Abilities, Weirdness & Mutations

You are immune to sickness and miasma.
Your stone body is resilient. (AC +7)
You are immune to poison.
You resist negative energy. (rN+)
You are resistant to electric shocks. (rElec)
You are resistant to unholy torment.
You are immune to petrification.


Message History

The troll bites you. The troll closely misses you. x2
You take 1 damage, and have 52/60 hp.
You closely miss the troll. The troll bites you. The troll claws you.
The troll closely misses you.
You take 6 damage, and have 46/60 hp.
You barely miss the troll. You hit the troll but do no damage.
The troll bites you! The troll claws you.
The troll claws you but does no damage.
You take 12 damage, and have 35/60 hp.
You hit the troll.
The troll is lightly wounded.
The troll bites you but does no damage. The troll claws you!
You block the troll's attack.
You take 6 damage, and have 29/60 hp.
You hit the troll but do no damage. You barely miss the two-headed ogre.
You barely miss the two-headed ogre. You sock the two-headed ogre!
The two-headed ogre is moderately wounded.
You thump the two-headed ogre!
The two-headed ogre is heavily wounded.
The two-headed ogre hits you but does no damage.
The two-headed ogre hits you with a +0 giant club.
You take 2 damage, and have 30/60 hp.
You completely miss the two-headed ogre.
The two-headed ogre is heavily wounded.
You sock the two-headed ogre!
The two-headed ogre is heavily wounded.
The two-headed ogre hits you with a +0 giant club!
The two-headed ogre hits you but does no damage.
You take 12 damage, and have 19/60 hp.
You hit the two-headed ogre.
The two-headed ogre is heavily wounded.
MP restored: 21 You sock the two-headed ogre!
The two-headed ogre is severely wounded.
The two-headed ogre hits you with a +0 giant club!
* * * LOW HITPOINT WARNING * * *
The two-headed ogre hits you with a +0 giant club!
You die...

#......###.....##.
#......##......#.#
#......†..#...##.#
#........(#...#..
##........#..##.
##....####...##.#
#..<..###....#..#
##..........##O#
###...##...#@#TCTT.O.
#...#.#...##.##.###.#
#..##.##..#.####.#$.)
##...#.##.###..##.##.#
####.........#.#.#.#
.#)#
#..#...#....###.#..##
###
#......##...#.##.##.#
.#.
#..###.....###.#.#..#
#..# ##..#.#..#.#.#.#


You could see a two-headed ogre.

Vanquished Creatures
  A cyclops (D:7)
  Jeremiah (D:7)
  Grinder (D:3)
  A slime creature (D:7)
  Sigmund (D:4)
  A water moccasin (D:7)
  An ice beast (D:6)
  A black bear (D:5)
  2 orc warriors (D:6)
  A sky beast (D:6)
  An ogre (D:6)
  A centaur (D:7)
  A phantom (D:4)
  A gnoll sergeant (D:5)
  Blork the orc (D:4)
  4 scorpions
  4 wights (D:6)
  2 howler monkeys (D:6)
  A jelly (D:5)
  A gnoll bouda (D:5)
  8 hounds
  3 orc priests
  Terence (D:3)
  Jessica (D:2)
  A sleepcap (D:6)
  6 iguanas
  2 orc wizards
  Robin (D:2)
  8 gnolls
  4 adders
  2 worms
  12 orcs
  7 ball pythons
  4 bats
  7 endoplasms
  3 giant cockroaches (D:1)
  10 goblins
  10 hobgoblins
  6 jackals
  4 quokkas
  A frilled lizard (D:2)
  3 kobolds
  2 rats
134 creatures vanquished.

Notes
Turn   | Place    | Note
-------+----------+-------------------------------------------
     0 | D:1      | Dirtsage the Gargoyle Fighter began the quest for the Orb.
     0 | D:1      | Reached XP level 1. HP: 14/14 MP: 1/1
   207 | D:1      | Reached XP level 2. HP: 19/19 MP: 2/2
   371 | D:1      | Reached skill level 3 in Maces & Flails
   859 | D:2      | Noticed Jessica
   867 | D:2      | Killed Jessica
   868 | D:2      | Reached XP level 3. HP: 18/23 MP: 3/3
   991 | D:2      | Reached skill level 4 in Maces & Flails
  1009 | D:2      | Identified the +1 helmet "Ekhlu" {rF+ rCorr MP+9}
  1009 | D:2      | Noticed Robin
  1018 | D:2      | Killed Robin
  1019 | D:2      | Reached XP level 4. HP: 28/28 MP: 4/4
  1121 | D:2      | Found a snail-covered altar of Cheibriados.
  1217 | D:2      | Found a faded altar of an unknown god.
  1353 | D:2      | Found a runed translucent door.
  1354 | D:2      | Noticed Crazy Yiuf
  1757 | D:3      | Noticed Grinder
  1775 | D:3      | Killed Grinder
  1776 | D:3      | Reached skill level 6 in Maces & Flails
  1776 | D:3      | Reached XP level 5. HP: 32/32 MP: 5/5
  1776 | D:3      | Reached XP level 6. HP: 37/37 MP: 6/6
  2012 | D:3      | Noticed Terence
  2032 | D:3      | Killed Terence
  2445 | D:4      | Noticed Blork the orc
  2459 | D:4      | Killed Blork the orc
  2460 | D:4      | Reached skill level 7 in Maces & Flails
  2492 | D:4      | Reached XP level 7. HP: 37/41 MP: 7/7
  2631 | D:4      | Noticed Sigmund
  2637 | D:4      | Killed Sigmund
  3218 | D:4      | Reached XP level 8. HP: 48/48 MP: 8/8
  3287 | D:5      | Entered Level 5 of the Dungeon
  3345 | D:5      | Reached skill level 8 in Maces & Flails
  3424 | D:5      | Reached skill level 5 in Shields
  3919 | D:5      | Found a stormy altar of Qazlal.
  4117 | D:5      | Found a runed translucent gate.
  4117 | D:5      | Found a runed translucent gate.
  4117 | D:5      | Found a runed translucent gate.
  4148 | D:5      | Noticed Mll's ghost (novice DEFE)
  4505 | D:6      | Reached XP level 9. HP: 53/53 MP: 9/9
  4519 | D:6      | Reached skill level 5 in Fighting
  4519 | D:6      | Reached skill level 5 in Armour
  4547 | D:6      | Reached skill level 9 in Maces & Flails
  4738 | D:6      | Found a staircase to the Ecumenical Temple.
  4749 | Temple   | Entered the Ecumenical Temple
  4774 | Temple   | Became a worshipper of Zin the Law-Giver
  4774 | Temple   | Reached * piety under Zin
  4872 | D:6      | Found Fyihi's Magic Scroll Emporium.
  4909 | D:6      | Bought a scroll of fear for 40 gold pieces
  4909 | D:6      | Bought a scroll of poison for 40 gold pieces
  4909 | D:6      | Bought a scroll of teleportation for 30 gold pieces
  4909 | D:6      | Bought a scroll of identify for 20 gold pieces
  4909 | D:6      | Bought a scroll of revelation for 75 gold pieces
  4918 | D:6      | Reached skill level 1 in Invocations
  5169 | D:7      | Noticed Jeremiah
  5184 | D:7      | Killed Jeremiah
  5198 | D:7      | Found the +6 shillelagh "Devastator" {shatter}
  5279 | D:7      | Noticed a cyclops
  5279 | D:7      | Noticed a troll
  5279 | D:7      | Noticed a troll
  5279 | D:7      | Noticed a two-headed ogre
  5305 | D:7      | Killed a cyclops
  5306 | D:7      | Reached skill level 10 in Maces & Flails
  5306 | D:7      | Reached XP level 10. HP: 37/60 MP: 12/12
  5321 | D:7      | HP: 3/60 [two-headed ogre/+0 giant club (17)]
  5321 | D:7      | Mangled by a two-headed ogre

Illustrated notes

Levels and vault maps discovered:
D:1:      matt_arrival_los_fun, layout_basic
D:2:      layout_basic, shapermc_ecumenical_altar_ellora, basic_altar,
          uniq_jessica, uniq_crazy_yiuf_cottage, uniq_robin
D:3:      layout_basic, uniq_grinder, uniq_terence
D:4:      layout_loops_ring, nrook_mini_vaults, uniq_blork_the_orc, uniq_sigmund
D:5:      layout_basic, marbit_many_paths, gammafunk_ghost_icy,
          hangedman_abyss_or_decor_jellyfish_corner, minmay_quadrilaterals
D:6:      layout_basic, minmay_temple_entry_proselytizer, serial_shops,
          nicolae_shop_trees
D:7:      minmay_the_grid_triangle_9x9_recursive_2
          [minmay_the_grid_triangle_9x9_prize_top_heavy,
          minmay_the_grid_triangle_9x9_tough_junction,
          minmay_the_grid_triangle_9x9_corruption,
          minmay_the_grid_triangle_9x9_intruding_spiral], layout_cave_pools,
          enter_bailey_7, uniq_jeremiah, uniq_duvessa
Temple:   nicolae_temple_god_jail

Skill      XL: |  1  2  3  4  5  6  7  8  9 |
---------------+----------------------------+-----
Maces & Flails | 3 4 6 7 8 10 | 10.1
Shields        | 4 6 8 |  8.3
Fighting       | 4 6 |  6.2
Armour         | 4 6 |  6.2
Invocations    | 2 |  2.8

Action                     |  1- 3 |  4- 6 |  7- 9 | 10-12 || total
---------------------------+-------+-------+-------+-------++-------
  Melee: Flail             |    73 |   107 |   433 |    13 ||   626
 Invoke: Recite            |       |       |     1 |       ||     1
  Evoke: Wand              |       |       |    10 |       ||    10
    Use: Potion            |       |       |     1 |     3 ||     4
         Scroll            |       |       |     1 |       ||     1
 Armour: Scale mail        |    36 |    59 |   255 |    17 ||   367
  Dodge: Dodged            |    29 |    25 |   146 |     4 ||   204
  Block: Buckler           |    17 |    17 |    40 |       ||    74
         Kite shield       |       |       |   108 |     3 ||   111

Table legend: (Time is in decaauts)
 A = Elapsed time spent in this place.
 B = Non-inter-level travel time spent in this place.
 C = Inter-level travel time spent in this place.
 D = Time resting spent in this place.
 E = Time spent auto-exploring this place.
 F = Levels seen in this place.
 G = Mean time per level.
                   A        B        C        D        E       F      G
               +--------+--------+--------+--------+--------+-----+--------+
         Total |   5377 |   5216 |    161 |      0 |   4016 |   8 |  672.1 |
       Dungeon |   5341 |   5196 |    145 |      0 |   4016 |   7 |  763.0 |
        Temple |     35 |     19 |     16 |      0 |      0 |   1 |   35.0 |
               +--------+--------+--------+--------+--------+-----+--------+

Top non-repeatable levels by time:
     D:5: 1016 daAuts
     D:2: 924 daAuts
     D:1: 863 daAuts
     D:4: 850 daAuts
     D:6: 842 daAuts
     D:3: 696 daAuts
     D:7: 148 daAuts
  Temple: 35 daAuts
